[ PARTIDA AOE2 · #495997475 ]
UnrankedBizantinos vs Vietnamese
Equipo del jugador · VICT
Equipo rival · DERR
[ ANÁLISIS DE REPETICIÓN · EXTRAÍDO DE LA PARTIDA GRABADA ]
Feudal
8:56
Castillos
24:24
Imperial
—
| APM promedio | 62.3 |
| APM pico | 91 |
| eAPM promedio | 25.6 |
| Aldeanos / militares | 73 / 30 |
Foco
⚔️ 43.5% · 🌾 56.5%
Skirmisher ×27 · Spearman ×3
Feudal
10:05
Castillos
—
Imperial
—
| APM promedio | 60.1 |
| APM pico | 99 |
| eAPM promedio | 26.9 |
| Aldeanos / militares | 68 / 29 |
Foco
⚔️ 38.9% · 🌾 61.1%
Skirmisher ×20 · Archer ×6 · Spearman ×3
Mapa de la partida
Recursos iniciales + cada clic de construcción. Líneas = muros · curvas = relieve. ◆ oro · ⬟ piedra · ● bayas · ✦ reliquia · ◌ hueco del cierre
Tu base· Abierta — el rival se encerró
Base de LaZZe· ✓ Cerrada en 12:00 · 53t muro · sin puerta
Terreno inicial suavizado · ◌ = hueco del cierre detectado · pasá el cursor para detalles
Inputs por minuto
— vollkrassher - - LaZZe
Build order — vollkrassher
Primeras 150 de 190 acciones detectadas
| 0:01 | Crear | Villager (Male) |
| 0:02 | Construir | House |
| 0:03 | Construir | House |
| 0:07 | Crear | Villager (Male) |
| 0:07 | Crear | Villager (Male) |
| 0:13 | Crear | Villager (Male) |
| 1:33 | Crear | Villager (Male) |
| 1:33 | Crear | Villager (Male) |
| 1:57 | Crear | Villager (Male) |
| 2:16 | Crear | Villager (Male) |
| 2:29 | Crear | Villager (Male) |
| 2:29 | Crear | Villager (Male) |
| 2:44 | Construir | Lumber Camp |
| 3:00 | Crear | Villager (Male) |
| 3:00 | Crear | Villager (Male) |
| 3:15 | Crear | Villager (Male) |
| 3:15 | Crear | Villager (Male) |
| 3:39 | Crear | Villager (Male) |
| 3:40 | Crear | Villager (Male) |
| 3:50 | Construir | House |
| 4:26 | Crear | Villager (Male) |
| 4:27 | Crear | Villager (Male) |
| 4:27 | Crear | Villager (Male) |
| 4:58 | Crear | Villager (Male) |
| 4:58 | Crear | Villager (Male) |
| 5:10 | Construir | Mill |
| 5:20 | Crear | Villager (Male) |
| 5:21 | Crear | Villager (Male) |
| 5:46 | Crear | Villager (Male) |
| 6:21 | Investigar | Loom |
| 6:35 | Investigar | Feudal Age |
| 6:35 | Investigar | Feudal Age |
| 7:22 | Construir | Farm |
| 7:46 | Construir | Barracks |
| 7:53 | Construir | Barracks |
| 7:59 | Crear | Villager (Male) |
| 8:05 | Construir | House |
| 8:56 | Edad | Edad Feudal |
| 8:57 | Construir | Archery Range |
| 8:58 | Crear | Spearman |
| 9:03 | Investigar | Double-Bit Axe |
| 9:04 | Investigar | Double-Bit Axe |
| 9:18 | Crear | Villager (Male) |
| 9:36 | Construir | Farm |
| 9:47 | Construir | Stone Wall |
| 9:49 | Construir | Stone Wall |
| 9:56 | Construir | Farm |
| 10:03 | Crear | Villager (Male) |
| 10:11 | Crear | Spearman |
| 10:39 | Construir | Watch Tower |
| 10:40 | Crear | Villager (Male) |
| 10:44 | Crear | Skirmisher |
| 10:49 | Construir | House |
| 10:49 | Construir | House |
| 10:56 | Crear | Skirmisher |
| 11:11 | Crear | Villager (Male) |
| 11:12 | Crear | Villager (Male) |
| 11:15 | Construir | Mining Camp |
| 11:19 | Construir | House |
| 11:21 | Crear | Skirmisher |
| 11:39 | Crear | Skirmisher |
| 11:48 | Crear | Villager (Male) |
| 12:03 | Construir | Farm |
| 12:07 | Crear | Skirmisher |
| 12:26 | Crear | Villager (Male) |
| 12:38 | Crear | Skirmisher |
| 12:39 | Crear | Villager (Male) |
| 12:40 | Crear | Villager (Male) |
| 12:44 | Crear | Villager (Male) |
| 12:44 | Crear | Villager (Male) |
| 12:46 | Construir | Farm |
| 13:10 | Crear | Spearman |
| 13:15 | Crear | Villager (Male) |
| 13:27 | Construir | House |
| 13:28 | Construir | House |
| 13:34 | Crear | Villager (Male) |
| 13:38 | Investigar | Horse Collar |
| 13:39 | Investigar | Horse Collar |
| 13:54 | Construir | Watch Tower |
| 14:02 | Construir | House |
| 14:06 | Construir | Stone Wall |
| 14:07 | Construir | Stone Wall |
| 14:11 | Construir | Stone Wall |
| 14:12 | Construir | Stone Wall |
| 14:36 | Crear | Villager (Male) |
| 14:37 | Construir | Farm |
| 14:38 | Construir | Farm |
| 14:39 | Construir | Farm |
| 14:40 | Crear | Villager (Male) |
| 14:48 | Construir | Stone Wall |
| 15:05 | Crear | Villager (Male) |
| 15:05 | Crear | Villager (Male) |
| 15:07 | Construir | Farm |
| 15:07 | Construir | Farm |
| 15:08 | Crear | Villager (Male) |
| 15:18 | Crear | Villager (Male) |
| 15:18 | Crear | Villager (Male) |
| 15:26 | Crear | Skirmisher |
| 15:26 | Crear | Skirmisher |
| 15:51 | Crear | Villager (Male) |
| 15:59 | Crear | Villager (Male) |
| 15:59 | Crear | Villager (Male) |
| 16:06 | Crear | Villager (Male) |
| 16:06 | Crear | Villager (Male) |
| 16:06 | Crear | Villager (Male) |
| 16:07 | Construir | Farm |
| 16:09 | Construir | Farm |
| 16:10 | Construir | Farm |
| 16:14 | Crear | Villager (Male) |
| 16:14 | Crear | Villager (Male) |
| 16:15 | Crear | Villager (Male) |
| 16:26 | Crear | Villager (Male) |
| 16:35 | Crear | Villager (Male) |
| 16:42 | Construir | Lumber Camp |
| 17:08 | Construir | Stone Wall |
| 17:09 | Construir | Stone Wall |
| 17:09 | Construir | Stone Wall |
| 17:18 | Crear | Villager (Male) |
| 17:22 | Construir | Farm |
| 17:23 | Construir | Farm |
| 17:29 | Crear | Skirmisher |
| 17:38 | Construir | Watch Tower |
| 17:39 | Crear | Villager (Male) |
| 17:48 | Construir | Watch Tower |
| 17:56 | Construir | House |
| 17:58 | Construir | House |
| 18:03 | Crear | Skirmisher |
| 18:11 | Crear | Skirmisher |
| 18:15 | Crear | Villager (Male) |
| 18:17 | Crear | Skirmisher |
| 18:23 | Crear | Skirmisher |
| 18:29 | Crear | Villager (Male) |
| 18:41 | Crear | Skirmisher |
| 18:50 | Crear | Skirmisher |
| 18:51 | Crear | Villager (Male) |
| 18:54 | Construir | House |
| 19:10 | Crear | Villager (Male) |
| 19:14 | Crear | Villager (Male) |
| 19:19 | Construir | Mining Camp |
| 19:21 | Crear | Villager (Male) |
| 19:22 | Crear | Skirmisher |
| 19:22 | Crear | Skirmisher |
| 19:39 | Construir | Watch Tower |
| 19:42 | Crear | Skirmisher |
| 19:47 | Crear | Villager (Male) |
| 20:01 | Crear | Villager (Male) |
| 20:05 | Crear | Villager (Male) |
| 20:11 | Crear | Villager (Male) |
| 20:36 | Construir | Watch Tower |
| 20:47 | Crear | Skirmisher |
Build order — LaZZe
Primeras 150 de 161 acciones detectadas
| 0:00 | Crear | Villager (Male) |
| 0:00 | Crear | Villager (Male) |
| 0:00 | Crear | Villager (Male) |
| 0:02 | Construir | House |
| 0:02 | Construir | House |
| 0:12 | Crear | Villager (Male) |
| 1:25 | Crear | Villager (Male) |
| 1:51 | Construir | Lumber Camp |
| 1:56 | Crear | Villager (Male) |
| 2:15 | Crear | Villager (Male) |
| 2:46 | Crear | Villager (Male) |
| 3:06 | Crear | Villager (Male) |
| 3:07 | Crear | Villager (Male) |
| 3:29 | Crear | Villager (Male) |
| 3:47 | Construir | House |
| 3:54 | Crear | Villager (Male) |
| 4:09 | Construir | House |
| 4:13 | Crear | Villager (Male) |
| 4:50 | Construir | Mill |
| 4:54 | Crear | Villager (Male) |
| 5:24 | Crear | Villager (Male) |
| 5:38 | Crear | Villager (Male) |
| 6:02 | Crear | Villager (Male) |
| 6:12 | Investigar | Loom |
| 6:19 | Construir | Palisade Wall |
| 6:26 | Construir | Palisade Wall |
| 6:50 | Crear | Villager (Male) |
| 7:00 | Construir | Palisade Wall |
| 7:02 | Construir | Palisade Wall |
| 7:07 | Construir | Palisade Wall |
| 7:08 | Crear | Villager (Male) |
| 7:24 | Construir | Palisade Wall |
| 7:54 | Investigar | Feudal Age |
| 7:59 | Construir | Mining Camp |
| 8:04 | Construir | Palisade Wall |
| 8:21 | Construir | Palisade Wall |
| 8:27 | Construir | Farm |
| 8:29 | Construir | Farm |
| 8:41 | Crear | Villager (Male) |
| 9:17 | Construir | Lumber Camp |
| 9:52 | Construir | Palisade Wall |
| 10:05 | Crear | Villager (Male) |
| 10:05 | Edad | Edad Feudal |
| 10:23 | Crear | Villager (Male) |
| 10:26 | Crear | Villager (Male) |
| 10:33 | Construir | Barracks |
| 10:33 | Crear | Villager (Male) |
| 10:35 | Construir | Palisade Wall |
| 10:41 | Crear | Villager (Male) |
| 10:50 | Construir | Watch Tower |
| 11:10 | Construir | House |
| 11:33 | Crear | Villager (Male) |
| 11:40 | Construir | Palisade Wall |
| 11:48 | Construir | House |
| 11:49 | Construir | House |
| 12:02 | Investigar | Double-Bit Axe |
| 12:06 | Construir | House |
| 12:07 | Construir | House |
| 12:51 | Crear | Villager (Male) |
| 12:58 | Construir | Archery Range |
| 13:09 | Construir | House |
| 13:14 | Construir | Farm |
| 13:28 | Crear | Skirmisher |
| 13:29 | Crear | Skirmisher |
| 13:35 | Construir | Farm |
| 13:36 | Construir | Farm |
| 13:42 | Construir | Farm |
| 13:48 | Construir | Palisade Wall |
| 13:54 | Construir | House |
| 13:54 | Crear | Villager (Male) |
| 14:05 | Crear | Archer |
| 14:05 | Crear | Archer |
| 14:38 | Crear | Archer |
| 14:43 | Construir | Farm |
| 14:44 | Construir | Farm |
| 15:04 | Construir | Farm |
| 15:04 | Crear | Villager (Male) |
| 15:25 | Crear | Archer |
| 15:28 | Construir | Farm |
| 15:41 | Crear | Villager (Male) |
| 15:47 | Crear | Archer |
| 15:53 | Crear | Archer |
| 16:01 | Crear | Villager (Male) |
| 16:09 | Construir | Farm |
| 16:15 | Crear | Villager (Male) |
| 16:26 | Construir | Farm |
| 16:30 | Crear | Villager (Male) |
| 16:35 | Crear | Villager (Male) |
| 16:43 | Construir | Farm |
| 16:44 | Crear | Villager (Male) |
| 17:03 | Crear | Villager (Male) |
| 17:14 | Crear | Villager (Male) |
| 17:20 | Crear | Skirmisher |
| 17:27 | Construir | Lumber Camp |
| 17:35 | Crear | Villager (Male) |
| 17:41 | Construir | Mining Camp |
| 17:41 | Crear | Villager (Male) |
| 17:52 | Construir | House |
| 17:53 | Construir | Palisade Wall |
| 17:57 | Construir | Palisade Wall |
| 17:57 | Crear | Villager (Male) |
| 18:05 | Crear | Villager (Male) |
| 18:10 | Crear | Skirmisher |
| 18:16 | Crear | Villager (Male) |
| 18:18 | Crear | Skirmisher |
| 18:27 | Crear | Villager (Male) |
| 18:47 | Crear | Villager (Male) |
| 18:55 | Crear | Skirmisher |
| 19:00 | Crear | Spearman |
| 19:00 | Crear | Villager (Male) |
| 19:17 | Crear | Villager (Male) |
| 19:21 | Construir | Blacksmith |
| 19:21 | Crear | Villager (Male) |
| 19:24 | Construir | Farm |
| 19:24 | Crear | Villager (Male) |
| 19:32 | Construir | House |
| 19:37 | Construir | Farm |
| 19:49 | Crear | Villager (Male) |
| 19:53 | Crear | Villager (Male) |
| 19:58 | Crear | Villager (Male) |
| 20:03 | Investigar | Fletching |
| 20:04 | Crear | Villager (Male) |
| 20:08 | Crear | Villager (Male) |
| 20:21 | Construir | Mill |
| 20:22 | Crear | Villager (Male) |
| 20:27 | Crear | Skirmisher |
| 20:30 | Crear | Skirmisher |
| 20:54 | Crear | Villager (Male) |
| 21:02 | Crear | Villager (Male) |
| 21:08 | Crear | Skirmisher |
| 21:12 | Crear | Villager (Male) |
| 21:17 | Crear | Skirmisher |
| 21:24 | Construir | Archery Range |
| 21:24 | Crear | Villager (Male) |
| 21:33 | Crear | Skirmisher |
| 21:37 | Construir | Farm |
| 21:41 | Crear | Villager (Male) |
| 22:05 | Crear | Villager (Male) |
| 22:10 | Crear | Villager (Male) |
| 22:15 | Crear | Villager (Male) |
| 22:21 | Construir | Lumber Camp |
| 22:24 | Crear | Spearman |
| 22:32 | Crear | Villager (Male) |
| 22:42 | Crear | Villager (Male) |
| 22:43 | Construir | Market |
| 22:49 | Crear | Spearman |
| 22:59 | Crear | Skirmisher |
| 22:59 | Crear | Skirmisher |
| 23:11 | Crear | Skirmisher |
| 23:11 | Crear | Skirmisher |
Cronología de la partida
| 6:19 | LaZZe · wall_segment Palisade Wall x3 |
| 6:26 | LaZZe · wall_segment Palisade Wall x2 |
| 7:00 | LaZZe · wall_segment Palisade Wall x5 |
| 7:02 | LaZZe · wall_segment Palisade Wall x1 |
| 7:07 | LaZZe · wall_segment Palisade Wall x14 |
| 7:24 | LaZZe · wall_segment Palisade Wall x4 |
| 7:46 | vollkrassher · first_building Barracks |
| 8:04 | LaZZe · wall_segment Palisade Wall x6 |
| 8:21 | LaZZe · wall_segment Palisade Wall x5 |
| 8:56 | vollkrassher · age_up feudal |
| 8:57 | vollkrassher · first_building Archery Range |
| 9:47 | vollkrassher · wall_segment Stone Wall x3 |
| 9:49 | vollkrassher · wall_segment Stone Wall x1 |
| 9:52 | LaZZe · wall_segment Palisade Wall x7 |
| 10:05 | LaZZe · age_up feudal |
| 10:33 | LaZZe · first_building Barracks |
| 10:35 | LaZZe · wall_segment Palisade Wall x6 |
| 11:40 | LaZZe · wall_segment Palisade Wall x1 |
| 12:58 | LaZZe · first_building Archery Range |
| 13:48 | LaZZe · wall_segment Palisade Wall x5 |
| 14:06 | vollkrassher · wall_segment Stone Wall x1 |
| 14:07 | vollkrassher · wall_segment Stone Wall x1 |
| 14:11 | vollkrassher · wall_segment Stone Wall x1 |
| 14:12 | vollkrassher · wall_segment Stone Wall x1 |
| 14:48 | vollkrassher · wall_segment Stone Wall x1 |
| 17:08 | vollkrassher · wall_segment Stone Wall x1 |
| 17:09 | vollkrassher · wall_segment Stone Wall x1 |
| 17:09 | vollkrassher · wall_segment Stone Wall x1 |
| 17:53 | LaZZe · wall_segment Palisade Wall x1 |
| 17:57 | LaZZe · wall_segment Palisade Wall x1 |
| 21:03 | vollkrassher · wall_segment Stone Wall x1 |
| 21:04 | vollkrassher · wall_segment Stone Wall x1 |
| 21:06 | vollkrassher · wall_segment Stone Wall x1 |
| 21:19 | vollkrassher · wall_segment Stone Wall x1 |
| 21:20 | vollkrassher · wall_segment Stone Wall x1 |
| 21:20 | vollkrassher · wall_segment Stone Wall x1 |
| 21:20 | vollkrassher · wall_segment Stone Wall x1 |
| 22:53 | vollkrassher · wall_segment Stone Wall x1 |
| 23:41 | vollkrassher · wall_segment Stone Wall x1 |
| 23:42 | vollkrassher · wall_segment Stone Wall x1 |
| 23:44 | vollkrassher · wall_segment Stone Wall x1 |
| 23:47 | vollkrassher · wall_segment Stone Wall x1 |
| 24:16 | vollkrassher · first_building Stable |
| 24:24 | vollkrassher · age_up castle |
| 24:25 | vollkrassher · wall_segment Stone Wall x1 |
| 24:26 | vollkrassher · wall_segment Stone Wall x1 |
| 24:30 | vollkrassher · wall_segment Stone Wall x1 |
| 24:31 | vollkrassher · wall_segment Stone Wall x1 |
| 24:33 | LaZZe · resign |
[ ANÁLISIS IA · 1 CRÉDITO ]
¿Qué pasó realmente en esta partida?
Wolo.gg analiza cada decisión: build order, eco, micro, errores típicos por bracket. Análisis personalizado por WhatsApp o Discord en 30 segundos.
Guía civ
Bizantinos
Perfil
vollkrassher